 Dungeon Crawl Stone Soup version 0.30-a0-335-ge5acde7520 (webtiles) character file.

Game seed: 1410259517389508733

2989 McGhostyFace the Protected (level 9, -1/67 HPs)
             Began as a Gnoll Wanderer on Oct 30, 2022.
             Slain by BigDaddyOpFi's ghost (12 damage)
             ... on level 6 of the Dungeon.
             The game lasted 00:13:37 (5749 turns).

McGhostyFace the Protected (Gnoll Wanderer)         Turns: 5749, Time: 00:13:38

Health: -1/67      AC: 11    Str: 20    XL:     9   Next: 83%
Magic:  21/21      EV: 13    Int: 15    God:
Gold:   332        SH:  0    Dex: 16    Spells: 21/25 levels left

rFire   + . .      SeeInvis .    j - +11 spear of Deflation {vamp, *Slow rPois Str+7 Dex+3}
rCold   . . .      Faith    .    (no shield)
rNeg    . . .      Spirit   .    A - +0 swamp dragon scales
rPois   +          Reflect  .    (no helmet)
rElec   .          Harm     .    (no cloak)
rCorr   +          Rampage  .    (no gloves)
Will    .....                    i - +0 pair of boots
Stlth   ++........               (no amulet)
HPRegen 0.31/turn                q - ring of flight
MPRegen 0.17/turn                v - ring of Ascent {rF+ rCorr Dex+2}

@: flying, invisible
A: fangs 1, strong nose, distributed training
a: no special abilities


You were on level 6 of the Dungeon.
You visited 2 branches of the dungeon, and saw 7 of its levels.

You collected 332 gold pieces.

Inventory:

Hand Weapons
 a - a +0 quarterstaff
 j - the +11 spear of Deflation (weapon) {vamp, *Slow rPois Str+7 Dex+3}
   (You found it on level 3 of the Dungeon)

   It occasionally heals its wielder for a portion of the damage dealt when it
   wounds a living foe.
   Str:       It affects your strength (+7).
   Dex:       It affects your dexterity (+3).
   rPois:     It protects you from poison.
   *Slow:     It may slow you when you take damage.
 z - the +5 whip of Koubyoj {drain, Will++ Dex-5}
   (You found it on level 6 of the Dungeon)

   A truly terrible weapon, it drains the life of any living foe it strikes.
   Dex:       It affects your dexterity (-5).
   Will:      It greatly increases your willpower.
Missiles
 p - 8 boomerangs
 y - 17 poisoned darts (quivered)
Armour
 b - a +0 ring mail
 i - a +0 pair of boots (worn)
 m - a +1 robe of cold resistance
 A - +0 swamp dragon scales (worn)
Jewellery
 q - a ring of flight (left hand)
 v - the ring of Ascent (right hand) {rF+ rCorr Dex+2}
   (You found it on level 4 of the Dungeon)

   [ring of resist corrosion]

   Dex:       It affects your dexterity (+2).
   rF:        It protects you from fire.
   rCorr:     It protects you from acid and corrosion.
 C - a ring of positive energy
Wands
 x - a wand of paralysis (10)
Scrolls
 d - 2 scrolls of teleportation
 g - a scroll of amnesia {unknown}
 h - 4 scrolls of blinking
 r - a scroll of poison {unknown}
 s - a scroll of identify
 t - a scroll of vulnerability {unknown}
 u - a scroll of butterflies {unknown}
 B - a scroll of noise {unknown}
 D - 3 scrolls of fear {unknown}
Potions
 c - 3 potions of lignification
 e - 3 potions of curing
 f - 2 potions of might
 k - 3 potions of degeneration {unknown}
 n - 2 potions of heal wounds
 o - 3 potions of mutation {unknown}
 w - a potion of haste {unknown}
 E - a potion of flight {unknown}


   Skills:
 + Level 4.8 Fighting
 + Level 4.8 Short Blades
 + Level 4.8 Long Blades
 + Level 4.8 Axes
 + Level 4.8 Maces & Flails
 + Level 4.8 Polearms
 + Level 5.5 Staves
 + Level 4.8 Ranged Weapons
 + Level 4.8 Throwing
 + Level 9.8 Armour
 + Level 4.8 Dodging
 + Level 5.4 Stealth
 + Level 4.8 Shields
 + Level 4.8 Unarmed Combat
 + Level 8.7 Spellcasting
 + Level 4.0 Conjurations
 + Level 4.0 Hexes
 + Level 4.0 Summonings
 + Level 4.0 Necromancy
 + Level 4.0 Translocations
 + Level 4.0 Transmutations
 + Level 4.0 Fire Magic
 + Level 4.0 Ice Magic
 + Level 4.0 Air Magic
 + Level 4.0 Earth Magic
 + Level 4.0 Poison Magic
 + Level 5.3 Invocations
 + Level 4.8 Evocations


You had 21 spell levels left.
You knew the following spells:

 Your Spells              Type           Power      Damage    Failure   Level
a - Freeze                Ice            72%        1d8       3%          1
b - Mephitic Cloud        Conj/Pois/Air  18%        N/A       10%         3

Your spell library contained the following spells:

 Spells                   Type           Power      Damage    Failure   Level
 Magic Dart               Conj           72%        1d6       3%          1
 Call Imp                 Summ           18%        N/A       4%          2
 Cigotuvi's Dreadful Rot  Necr/Pois/Air  36%        N/A       4%          2
 Confusing Touch          Hex            18%        N/A       10%         3
 Inner Flame              Hex/Fire       18%        N/A       10%         3
 Dispel Undead            Necr           18%        3d11      32%         4
 Death Channel            Necr           9%         N/A       99%         6


Dungeon Overview and Level Annotations

Branches:
Dungeon (6/15)             Temple (1/1) D:4

Altars:
Cheibriados
Elyvilon
Fedhas
Gozag
Kikubaaqudgha
Makhleb
Nemelex Xobeh
Okawaru
Ru
Sif Muna
Trog
Uskayaw
Vehumet
Wu Jian
Xom
Yredelemnul
Zin
The Shining One

Annotations:
D:6 1 transporter, BigDaddyOpFi's ghost, novice MiFi


Innate Abilities, Weirdness & Mutations

You have very sharp teeth.
Your uncanny sense of smell can sniff out nearby items.
Your experience applies equally to all skills.


Message History

BigDaddyOpFi's ghost is heavily damaged.
Reach: j) +11 spear of Deflation {vamp, *Slow rPois Str+7 Dex+3}
Press: ? - help, Dir - move target, f/p - BigDaddyOpFi's ghost
Aim: BigDaddyOpFi's ghost (heavily damaged, wandering, unable to see you, hasn't noticed you, about 30% to evade the +11 spear of Deflation)
You reach to attack!
You hit BigDaddyOpFi's ghost.
BigDaddyOpFi's ghost is severely damaged.
Reach: j) +11 spear of Deflation {vamp, *Slow rPois Str+7 Dex+3}
Press: ? - help, Dir - move target, f/p - BigDaddyOpFi's ghost
Aim: BigDaddyOpFi's ghost (severely damaged, wandering, unable to see you, hasn't noticed you, about 30% to evade the +11 spear of Deflation)
You reach to attack!
BigDaddyOpFi's ghost turns its malevolent gaze towards you.
You hit BigDaddyOpFi's ghost but do no damage.
BigDaddyOpFi's ghost is severely damaged.
Reach: j) +11 spear of Deflation {vamp, *Slow rPois Str+7 Dex+3}
Press: ? - help, Dir - move target, f/p - BigDaddyOpFi's ghost
Aim: BigDaddyOpFi's ghost (severely damaged, unable to see you, about 30% to evade the +11 spear of Deflation)
You completely miss BigDaddyOpFi's ghost.
BigDaddyOpFi's ghost is severely damaged.
Reach: j) +11 spear of Deflation {vamp, *Slow rPois Str+7 Dex+3}
Press: ? - help, Dir - move target, f/p - BigDaddyOpFi's ghost
Aim: BigDaddyOpFi's ghost (severely damaged, unable to see you, about 30% to evade the +11 spear of Deflation)
You puncture BigDaddyOpFi's ghost!
You bite BigDaddyOpFi's ghost, but do no damage.
BigDaddyOpFi's ghost is severely damaged.
BigDaddyOpFi's ghost hits you but does no damage.
Reach: j) +11 spear of Deflation {vamp, *Slow rPois Str+7 Dex+3}
Press: ? - help, Dir - move target, f/p - BigDaddyOpFi's ghost
Aim: BigDaddyOpFi's ghost (severely damaged, unable to see you, about 30% to evade the +11 spear of Deflation)
You closely miss BigDaddyOpFi's ghost. Your bite misses BigDaddyOpFi's ghost.
BigDaddyOpFi's ghost is severely damaged.
BigDaddyOpFi's ghost hits you!
* * * LOW HITPOINT WARNING * * *
Reach: j) +11 spear of Deflation {vamp, *Slow rPois Str+7 Dex+3}
Press: ? - help, Dir - move target, f/p - BigDaddyOpFi's ghost
Aim: BigDaddyOpFi's ghost (severely damaged, unable to see you, about 30% to evade the +11 spear of Deflation)
You hit BigDaddyOpFi's ghost.
You bite BigDaddyOpFi's ghost, but do no damage.
BigDaddyOpFi's ghost is severely damaged.
BigDaddyOpFi's ghost hits you!
You die...

###......≈≈#8.###.###.8#≈≈..#
###......≈≈#.......g...#≈≈..#
.##......≈≈###.##'##.###≈≈..#
###......≈≈..#.#...#.#..≈≈..#
###......≈≈.##.'...'.##.≈≈..#
##.......≈≈.#g.#...#..#.≈≈..#
.........≈≈.##.##.##.##.≈≈..#
.......))≈≈..#.#...#.#......#
.######.)~~.©#.W@©)')#©.....#
.####....≈≈..#.#8⌠8#)#......#
.#....##.≈≈.##.#####.##.≈≈..#
....#....≈≈.#g.#":$#gg#.≈≈..#
..#......≈≈.##.#..$#g##.≈≈..#
.####....≈≈..#.#$g$#.#..≈≈..#
###......≈≈###W##'##.###≈≈..#
.##.##...≈≈#..........g#≈≈..#
.##.##...≈≈#8.###.###.8#≈≈..#


You could see BigDaddyOpFi's ghost (unable to see you).

Vanquished Creatures
  Maggie (D:6)
  Grinder (D:4)
  Prince Ribbit (D:6)
  Sigmund (D:4)
  Edmund (D:6)
  2 water moccasins (D:6)
  2 black bears
  2 ice beasts (D:6)
  A sky beast (D:6)
  2 centaurs
  A phantom (D:4)
  Blork the orc (D:6)
  2 kobold brigands
  2 gnoll sergeants (D:6)
  A necrophage (D:6)
  2 scorpions (D:6)
  A howler monkey (D:5)
  2 bullfrog zombies (D:5)
  A hound (D:4)
  A gnoll bouda (D:6)
  2 iguanas
  5 orc wizards
  8 adders
  7 gnolls
  An ufetubus (D:4)
  2 worms
  A dart slug (D:2)
  24 orcs
  8 ball pythons
  10 endoplasms
  5 giant cockroaches
  11 goblins
  11 hobgoblins
  5 jackals
  12 kobolds
  3 quokkas
  6 bats
  3 frilled lizards
  5 rats
157 creatures vanquished.

Vanquished Creatures (others)
  7 plants
7 creatures vanquished.

Grand Total: 164 creatures vanquished

Notes
Turn   | Place    | Note
-------+----------+-------------------------------------------
     0 | D:1      | McGhostyFace the Gnoll Wanderer began the quest for the
                  | Orb.
     0 | D:1      | McGhostyFace set off with the following items: a +0
                  | quarterstaff, a +0 ring mail, a potion of lignification;
                  | and the following spell memorised: Freeze; and the
                  | following spells available to memorise: Cigotuvi's Dreadful
                  | Rot, Confusing Touch, Inner Flame.
     0 | D:1      | Reached XP level 1. HP: 13/13 MP: 8/8
   258 | D:1      | Reached XP level 2. HP: 19/19 MP: 10/10
   649 | D:2      | Reached XP level 3. HP: 7/25 MP: 11/11
   788 | D:2      | Reached skill level 1 in Invocations
  1080 | D:2      | Reached skill level 1 in Fighting
  1080 | D:2      | Reached skill level 1 in Short Blades
  1080 | D:2      | Reached skill level 1 in Long Blades
  1080 | D:2      | Reached skill level 1 in Axes
  1080 | D:2      | Reached skill level 1 in Maces & Flails
  1080 | D:2      | Reached skill level 1 in Polearms
  1080 | D:2      | Reached skill level 1 in Ranged Weapons
  1080 | D:2      | Reached skill level 1 in Throwing
  1080 | D:2      | Reached skill level 1 in Dodging
  1080 | D:2      | Reached skill level 1 in Shields
  1080 | D:2      | Reached skill level 1 in Unarmed Combat
  1080 | D:2      | Reached skill level 1 in Evocations
  1536 | D:3      | Found a shimmering blue altar of Sif Muna.
  1548 | D:3      | Reached XP level 4. HP: 32/32 MP: 13/13
  1611 | D:3      | Identified the +11 spear of Deflation {vamp, *Slow rPois
                  | Str+7 Dex+3}
  1860 | D:3      | Reached skill level 1 in Conjurations
  1860 | D:3      | Reached skill level 1 in Hexes
  1860 | D:3      | Reached skill level 1 in Summonings
  1860 | D:3      | Reached skill level 1 in Necromancy
  1860 | D:3      | Reached skill level 1 in Translocations
  1860 | D:3      | Reached skill level 1 in Transmutations
  1860 | D:3      | Reached skill level 1 in Fire Magic
  1860 | D:3      | Reached skill level 1 in Ice Magic
  1860 | D:3      | Reached skill level 1 in Air Magic
  1860 | D:3      | Reached skill level 1 in Earth Magic
  1860 | D:3      | Reached skill level 1 in Poison Magic
  1861 | D:3      | Found a white marble altar of Elyvilon.
  2188 | D:4      | Noticed Grinder
  2194 | D:4      | Killed Grinder
  2195 | D:4      | Reached XP level 5. HP: 12/38 MP: 14/14
  2195 | D:4      | Reached XP level 6. HP: 14/44 MP: 16/16
  2440 | D:4      | Noticed Sigmund
  2449 | D:4      | Killed Sigmund
  2450 | D:4      | Reached XP level 7. HP: 48/51 MP: 18/18
  2854 | D:4      | Reached skill level 9 in Armour
  2870 | D:4      | Identified the +0 robe "Kaeno" {rCorr Str+3}
  2963 | D:4      | Reached XP level 8. HP: 51/58 MP: 19/19
  3183 | D:4      | Identified the ring of Ascent {rF+ rCorr Dex+2}
  3200 | D:4      | Found a staircase to the Ecumenical Temple.
  3220 | Temple   | Entered the Ecumenical Temple
  3512 | D:5      | Entered Level 5 of the Dungeon
  3837 | D:5      | Learned a level 3 spell: Mephitic Cloud
  3973 | D:5      | Found a basalt altar of Yredelemnul.
  4503 | D:5      | Found an ornate altar of the Wu Jian Council.
  4890 | D:6      | Identified the +5 whip of Koubyoj {drain, Will++ Dex-5}
  4932 | D:6      | Noticed Maggie
  4948 | D:6      | Killed Maggie
  5040 | D:6      | Reached XP level 9. HP: 65/65 MP: 21/21
  5050 | D:6      | Reached skill level 5 in Staves
  5090 | D:6      | Noticed Blork the orc
  5102 | D:6      | Killed Blork the orc
  5109 | D:6      | Noticed Edmund
  5111 | D:6      | Noticed Prince Ribbit
  5136 | D:6      | Reached skill level 5 in Stealth
  5141 | D:6      | Killed Prince Ribbit
  5155 | D:6      | Killed Edmund
  5156 | D:6      | Reached skill level 5 in Invocations
  5262 | D:6      | Noticed BigDaddyOpFi's ghost (novice MiFi)
  5336 | D:6      | Identified the +1 kite shield of the New World {Contam
                  | rPois Str+2 Slay+2}
  5371 | D:6      | Found a transporter.
  5380 | D:6      | Found a transporter.
  5520 | D:6      | Found a glowing golden altar of the Shining One.
  5749 | D:6      | Slain by BigDaddyOpFi's ghost

Illustrated notes

Levels and vault maps discovered:
D:1:      dpeg_arrival_three_smaller_balls, layout_basic
D:2:      layout_rooms, kennysheep_cross_room, grunt_decor_cap
D:3:      layout_rooms, mainiacjoe_overflow_alcove_1,
          nicolae_elyvilon_temple_path
D:4:      layout_gridville, minmay_temple_entry_trees, minmay_between,
          uniq_sigmund, uniq_grinder
D:5:      layout_layer_cave, nicolae_wu_jian_immortal_techniques,
          lemuel_zombie_altar_yredelemnul
D:6:      layout_rooms, nicolae_tso_swordbearing_angel,
          gammafunk_ghost_gnarly_gnolls, minmay_misc_feat_tiny,
          grunt_decor_fettered, grunt_ministairs_12, minmay_misc_feat_doors,
          uniq_prince_ribbit1, uniq_edmund, uniq_blork_the_orc, uniq_maggie
Temple:   nicolae_temple_god_jail

Skill      XL: |  1  2  3  4  5  6  7  8  9 |
---------------+----------------------------+-----
Invocations    | 1 2 3 4 5 |  5.3
Fighting       | 1 2 3 4 |  4.8
Short Blades   | 1 2 3 4 |  4.8
Long Blades    | 1 2 3 4 |  4.8
Axes           | 1 2 3 4 |  4.8
Maces & Flails | 1 2 3 4 |  4.8
Polearms       | 1 2 3 4 |  4.8
Ranged Weapons | 1 2 3 4 |  4.8
Throwing       | 1 2 3 4 |  4.8
Dodging        | 1 2 3 4 |  4.8
Shields        | 1 2 3 4 |  4.8
Unarmed Combat | 1 2 3 4 |  4.8
Evocations     | 1 2 3 4 |  4.8
Conjurations   | 1 2 3 4 |  4.0
Hexes          | 1 2 3 4 |  4.0
Summonings     | 1 2 3 4 |  4.0
Necromancy     | 1 2 3 4 |  4.0
Translocations | 1 2 3 4 |  4.0
Transmutations | 1 2 3 4 |  4.0
Fire Magic     | 1 2 3 4 |  4.0
Ice Magic      | 1 2 3 4 |  4.0
Air Magic      | 1 2 3 4 |  4.0
Earth Magic    | 1 2 3 4 |  4.0
Poison Magic   | 1 2 3 4 |  4.0
Staves         | 3 4 5 |  5.5
Stealth        | 3 4 5 |  5.4
Armour         | 9 |  9.8
Spellcasting   | 8 |  8.7

Action                   |  1- 3 |  4- 6 |  7- 9 || total
-------------------------+-------+-------+-------++-------
Melee: Quarterstaff      |   120 |    15 |       ||   135
       Bite              |    16 |     5 |    22 ||    43
       Spear             |       |    48 |   293 ||   341
       Punch             |       |       |     4 ||     4
Throw: Dart              |       |       |     9 ||     9
 Cast: Mephitic Cloud    |       |       |     3 ||     3
  Use: Scroll            |       |       |     6 ||     6
       Potion            |       |       |     1 ||     1
 Stab: Sleeping          |     1 |     6 |     4 ||    11
       Confused          |       |       |     3 ||     3
       Invisible         |       |       |     6 ||     6
Armor: Ring mail         |    57 |    18 |    71 ||   146
       Swamp dragon scal |       |       |    47 ||    47
Dodge: Dodged            |    85 |    29 |   145 ||   259

Table legend: (Time is in decaauts)
 A = Elapsed time spent in this place.
 B = Non-inter-level travel time spent in this place.
 C = Inter-level travel time spent in this place.
 D = Time resting spent in this place.
 E = Time spent auto-exploring this place.
 F = Levels seen in this place.
 G = Mean time per level.
                   A        B        C        D        E       F      G
               +--------+--------+--------+--------+--------+-----+--------+
         Total |   5747 |   5655 |     92 |    576 |   3785 |   7 |  821.0 |
       Dungeon |   5689 |   5597 |     92 |    576 |   3783 |   6 |  948.2 |
        Temple |     58 |     58 |      0 |      0 |      2 |   1 |   58.0 |
               +--------+--------+--------+--------+--------+-----+--------+

Top non-repeatable levels by time:
     D:5: 1353 daAuts
     D:4: 1264 daAuts
     D:2: 936 daAuts
     D:6: 861 daAuts
     D:3: 655 daAuts
     D:1: 618 daAuts
  Temple: 58 daAuts
